 Dungeon Crawl Stone Soup version 0.31-a0-174-g85c54bcb58 (webtiles) character file.

Game seed: 4207767147448670538

854 qw the Chopper (level 8, -4/49 HPs)
             Began as a Gargoyle Fighter on June 15, 2023.
             Was an Initiate of Okawaru.
             Slain by an orc warrior
             ... wielding a +0 long sword
              (11 damage)
             ... on level 6 of the Dungeon.
             The game lasted 00:02:39 (5758 turns).

qw the Chopper (Gargoyle Fighter)                   Turns: 5758, Time: 00:02:39

Health: -4/49      AC: 20    Str: 22    XL:     8   Next: 1%
Magic:  8/8        EV:  7    Int: 13    God:    Okawaru [......]
Gold:   291        SH:  3    Dex:  4    Spells: 7/7 levels left

rFire   x . .        Y - +1 war axe
rCold   + . .        c - +0 buckler
rNeg    + . .        k - +0 shadow dragon scales
rPois   inf          (no helmet)
rElec   +            (no cloak)
rCorr   +            g - +0 pair of gloves
SInv    .            i - +0 pair of boots
Will    +++..        (no amulet)
Stlth   ++           h - ring of Woisam {Ice Will+++ rCorr Int+4 Dex-5}
HPRegen 0.28/turn    (no ring)
MPRegen 0.11/turn

%: no passive effects
@: no status effects
A: sickness immunity, AC +5, negative energy resistance 1, electricity
resistance, torment resistance 1, petrification resistance
a: Renounce Religion


You were on level 6 of the Dungeon.
You worshipped Okawaru.
Okawaru was noncommittal.
You visited 2 branches of the dungeon, and saw 7 of its levels.

You collected 291 gold pieces.


Innate Abilities, Weirdness & Mutations

You are immune to sickness and miasma.
Your stone body is resilient. (AC +5)
You are immune to poison.
You resist negative energy. (rN+)
You are resistant to electric shocks. (rElec)
You are resistant to unholy torment.
You are immune to petrification.


   Skills:
 - Level 5.3 Fighting
 - Level 7.0 Axes
 + Level 1.1 Throwing
 - Level 4.0 Armour
 - Level 3.2 Shields


You had 7 spell levels left.
You didn't know any spells.
Your spell library was empty.

Inventory:

Hand Weapons
 a - a +0 flail
 Y - a +1 war axe (weapon)
Missiles
 b - 3 silver boomerangs
 l - 7 javelins (quivered)
Armour
 c - a +0 buckler (worn)
 e - the +5 ring mail of Jeanick {rC+ Dex+6}
   (You found it on level 3 of the Dungeon)

   Dex:       It affects your dexterity (+6).
   rC:        It protects you from cold.
 g - a +0 pair of gloves (worn)
 i - a +0 pair of boots (worn)
 k - +0 shadow dragon scales (worn)
Jewellery
 h - the ring of Woisam (left hand) {Ice Will+++ rCorr Int+4 Dex-5}
   (You found it on level 2 of the Dungeon)

   [ring of ice]

   It enhances your ice magic.
   Int:       It affects your intelligence (+4).
   Dex:       It affects your dexterity (-5).
   rF:        It makes you vulnerable to fire.
   rC:        It protects you from cold.
   rCorr:     It protects you from acid and corrosion.
   Will:      It greatly increases your willpower.
Scrolls
 j - 2 scrolls of identify
Potions
 d - a potion of might
 f - a potion of berserk rage {unknown}
 m - 2 potions of heal wounds
 n - a potion of haste {unknown}

Dungeon Overview and Level Annotations

Branches:
Dungeon (6/15)             Temple (1/1) D:5

Altars:
Dithmenos
Elyvilon
Fedhas
Gozag
Hepliaklqana
Kikubaaqudgha
Makhleb
Nemelex Xobeh
Okawaru
Qazlal
Ru
Sif Muna
Trog
Uskayaw
Wu Jian
Xom
Zin
The Shining One


Message History

The orc priest is almost dead.
The orc priest barely misses you.
You closely miss the orc priest.
The orc priest is almost dead.
You closely miss the orc warrior.
The orc warrior hits you with a +0 long sword.
You hit the orc warrior but do no damage.
The orc warrior hits you but does no damage.
You barely miss the orc warrior. The orc warrior barely misses you.
You closely miss the orc warrior. The orc warrior completely misses you.
You hit the orc warrior.
The orc warrior is moderately wounded.
The orc priest looks braver for a moment.
The orc warrior hits you with a +0 long sword.
The orc warrior hits you with a +0 long sword!
You slash the orc warrior!
The orc warrior is heavily wounded.
The orc warrior hits you but does no damage.
You barely miss the orc warrior.
The orc warrior is heavily wounded.
The orc warrior barely misses you.
You closely miss the orc warrior.
The orc warrior is heavily wounded.
The orc priest looks satisfied for a moment.
You block the orc warrior's attack.
You barely miss the orc warrior.
The orc warrior is heavily wounded.
The orc warrior barely misses you.
You barely miss the orc warrior.
The orc warrior is heavily wounded.
The orc warrior hits you but does no damage.
You barely miss the orc warrior.
The orc warrior is heavily wounded.
The orc warrior hits you but does no damage.
The orc priest mumbles some strange prayers to Beogh against you.
Beogh smites you!
The orc warrior hits you with a +0 long sword!
You die... #.#.# #.#.###### #......... ############.###### ..............##.. ..........<....... #oo

......#.#.##.# #o#
#.###.#.#.##.# #@#
#. #.#.#..#.#
###'###.### #.......
#....##.#.. ####....
#....##.#.# ....
#....##.#.# ##..
###'###.#.#####.#...
###'###.........#...
#....####.#######...
#....####...........


You could see an orc warrior, an orc priest and an orc.

Vanquished Creatures
  A sky beast (D:6)
  3 ogres
  2 hounds
  A jelly (D:4)
  3 orc priests
  2 iguanas (D:5)
  A sleepcap (D:5)
  2 orc wizards (D:3)
  4 gnolls (D:3)
  3 adders
  2 white imps
  An ufetubus (D:5)
  2 worms (D:2)
  A dart slug (D:5)
  10 orcs
  2 endoplasms (D:4)
  7 giant cockroaches
  13 goblins
  7 hobgoblins
  13 jackals
  7 kobolds
  4 quokkas
  7 ball pythons
  4 bats
  A frilled lizard (D:1)
  2 rats
105 creatures vanquished.

Notes
Turn   | Place    | Note
-------+----------+-------------------------------------------
     0 | D:1      | qw the Gargoyle Fighter began the quest for the Orb.
     0 | D:1      | Reached XP level 1. HP: 14/14 MP: 1/1
     0 | D:1      | 0 ||| qw: Version: 0.2-a-29-g511e9b1
     0 | D:1      | 0 ||| qw: Game counter: 5515
     0 | D:1      | 0 ||| qw: Always use a shield: true
     0 | D:1      | 0 ||| qw: God list: Okawaru
     0 | D:1      | 0 ||| qw: Allow faded altars: false
     0 | D:1      | 0 ||| qw: Do Orc after D:15 true
     0 | D:1      | 0 ||| qw: Do second Lair branch before Depths: true
     0 | D:1      | 0 ||| qw: Lair rune preference: random
     0 | D:1      | 0 ||| qw: Plans: Normal, Zot:1-4, Slime:5, God:TSO, Crypt,
                  | Tomb, Abyss, Pan, Hells, Win
     0 | D:1      | 0 ||| PLANNING D:1-11
    77 | D:1      | Reached skill level 2 in Axes
   142 | D:1      | Reached XP level 2. HP: 17/19 MP: 2/2
   470 | D:1      | 470 ||| Stepping ~*~*~tactically~*~*~ (stealth).
   488 | D:1      | Reached skill level 3 in Axes
   525 | D:1      | Found a faded altar of an unknown god.
   657 | D:1      | 657 ||| DROPPING +0 whip.
   794 | D:1      | 794 ||| DROPPING orb of light.
   795 | D:1      | 795 ||| UPGRADING to +0 pair of gloves.
   800 | D:1      | 800 ||| UPGRADING to +0 pair of boots.
   805 | D:1      | 805 ||| READING scroll labelled FEDIUG CUYPLOC.
   874 | D:2      | Reached XP level 3. HP: 21/23 MP: 3/3
   945 | D:2      | 945 ||| Stepping ~*~*~tactically~*~*~ (stealth).
  1071 | D:2      | Found a shimmering altar of Xom.
  1081 | D:2      | Identified the ring of Woisam {Ice Will+++ rCorr Int+4
                  | Dex-5}
  1127 | D:2      | 1127 ||| Stepping ~*~*~tactically~*~*~ (stealth).
  1128 | D:2      | 1128 ||| Stepping ~*~*~tactically~*~*~ (stealth).
  1481 | D:2      | Reached XP level 4. HP: 28/28 MP: 4/4
  1503 | D:2      | Reached skill level 1 in Throwing
  1852 | D:2      | 1852 ||| UPGRADING to +0 chain mail.
  1862 | D:2      | 1862 ||| DROPPING +0 scale mail.
  1863 | D:2      | 1863 ||| UPGRADING to +0 shadow dragon scales.
  1873 | D:2      | 1873 ||| DROPPING +0 chain mail.
  1874 | D:2      | 1874 ||| UPGRADING to ring of Woisam {Ice Will+++ rCorr
                  | Int+4 Dex-5}.
  1875 | D:2      | 1875 ||| READING scroll labelled MOCYUSSAIMU.
  1876 | D:2      | 1876 ||| READING scroll labelled ALAYSO GYDDICH.
  2072 | D:3      | Reached skill level 4 in Axes
  2081 | D:3      | Found an ornate altar of the Wu Jian Council.
  2092 | D:3      | 2092 ||| Stepping ~*~*~tactically~*~*~ (stealth).
  2093 | D:3      | 2093 ||| Stepping ~*~*~tactically~*~*~ (stealth).
  2096 | D:3      | 2096 ||| Stepping ~*~*~tactically~*~*~ (stealth).
  2135 | D:3      | 2135 ||| Stepping ~*~*~tactically~*~*~ (stealth).
  2137 | D:3      | 2137 ||| Stepping ~*~*~tactically~*~*~ (stealth).
  2139 | D:3      | 2139 ||| Stepping ~*~*~tactically~*~*~ (hiding).
  2152 | D:3      | Reached XP level 5. HP: 29/32 MP: 5/5
  2168 | D:3      | 2168 ||| Stepping ~*~*~tactically~*~*~ (stealth).
  2279 | D:3      | 2279 ||| DROPPING +1 whip of electrocution.
  2349 | D:3      | Noticed an ogre
  2355 | D:3      | Killed an ogre
  2355 | D:3      | HP: 8/32 [jackal (1)]
  2356 | D:3      | Reached skill level 5 in Axes
  2356 | D:3      | Reached XP level 6. HP: 9/37 MP: 6/6
  2693 | D:3      | Found an opulent altar of Gozag.
  2787 | D:3      | 2787 ||| Stepping ~*~*~tactically~*~*~ (stealth).
  2789 | D:3      | 2789 ||| Stepping ~*~*~tactically~*~*~ (stealth).
  2791 | D:3      | 2791 ||| Stepping ~*~*~tactically~*~*~ (stealth).
  2793 | D:3      | 2793 ||| Stepping ~*~*~tactically~*~*~ (stealth).
  2795 | D:3      | 2795 ||| Stepping ~*~*~tactically~*~*~ (stealth).
  2978 | D:3      | Identified the +5 ring mail of Jeanick {rC+ Dex+6}
  3103 | D:3      | 3103 ||| READING scroll labelled ILUPIU FUOCH.
  3181 | D:4      | 3181 ||| STAIRDANCE
  3438 | D:4      | 3438 ||| Stepping ~*~*~tactically~*~*~ (stealth).
  3440 | D:4      | 3440 ||| Stepping ~*~*~tactically~*~*~ (stealth).
  3442 | D:4      | 3442 ||| Stepping ~*~*~tactically~*~*~ (stealth).
  3700 | D:4      | 3700 ||| Stepping ~*~*~tactically~*~*~ (stealth).
  3703 | D:4      | 3703 ||| Stepping ~*~*~tactically~*~*~ (hiding).
  3705 | D:4      | 3705 ||| Stepping ~*~*~tactically~*~*~ (hiding).
  3706 | D:4      | 3706 ||| Stepping ~*~*~tactically~*~*~ (hiding).
  3725 | D:4      | 3725 ||| Stepping ~*~*~tactically~*~*~ (stealth).
  4032 | D:4      | 4032 ||| DROPPING amulet of magic regeneration.
  4033 | D:4      | 4033 ||| READING 3 scrolls labelled WUCUNO VILOLINK.
  4134 | D:4      | 4134 ||| READING scroll labelled VUVULE OJERR.
  4135 | D:4      | 4135 ||| READING scroll labelled UGELOI TURIL.
  4136 | D:4      | 4136 ||| DRINKING 2 bubbling silvery potions.
  4137 | D:4      | 4137 ||| DROPPING potion of brilliance.
  4138 | D:4      | 4138 ||| DROPPING 2 scrolls of silence.
  4158 | D:5      | Entered Level 5 of the Dungeon
  4254 | D:5      | Found a staircase to the Ecumenical Temple.
  4255 | D:5      | 4255 ||| PLANNING TEMPLE
  4255 | D:5      | 4255 ||| DRINKING 2 puce potions.
  4260 | Temple   | Entered the Ecumenical Temple
  4306 | Temple   | 4306 ||| PLANNING OKAWARU WORSHIP
  4320 | Temple   | Became a worshipper of Warmaster Okawaru
  4321 | Temple   | 4321 ||| PLANNING D:1-11
  4359 | D:5      | Found a bloodstained altar of Trog.
  4446 | D:5      | Reached skill level 6 in Axes
  4446 | D:5      | Reached XP level 7. HP: 26/43 MP: 7/7
  4571 | D:5      | 4571 ||| Stepping ~*~*~tactically~*~*~ (stealth).
  4785 | D:5      | 4785 ||| Stepping ~*~*~tactically~*~*~ (stealth).
  4787 | D:5      | 4787 ||| Stepping ~*~*~tactically~*~*~ (stealth).
  4847 | D:5      | 4847 ||| Stepping ~*~*~tactically~*~*~ (stealth).
  4855 | D:5      | Reached skill level 7 in Axes
  4959 | D:5      | 4959 ||| Stepping ~*~*~tactically~*~*~ (hiding).
  4960 | D:5      | 4960 ||| Stepping ~*~*~tactically~*~*~ (hiding).
  4961 | D:5      | 4961 ||| Stepping ~*~*~tactically~*~*~ (hiding).
  4962 | D:5      | 4962 ||| Stepping ~*~*~tactically~*~*~ (hiding).
  4963 | D:5      | 4963 ||| Stepping ~*~*~tactically~*~*~ (stealth).
  4970 | D:5      | 4970 ||| Stepping ~*~*~tactically~*~*~ (hiding).
  4971 | D:5      | 4971 ||| FLEEEEING.
  4972 | D:5      | 4972 ||| FLEEEEING.
  4973 | D:5      | 4973 ||| FLEEEEING.
  4974 | D:5      | 4974 ||| FLEEEEING.
  4975 | D:5      | 4975 ||| FLEEEEING.
  4976 | D:5      | 4976 ||| FLEEEEING.
  4977 | D:5      | 4977 ||| FLEEEEING.
  4978 | D:5      | 4978 ||| FLEEEEING.
  4979 | D:5      | 4979 ||| FLEEEEING.
  4980 | D:5      | 4980 ||| FLEEEEING.
  4981 | D:5      | 4981 ||| FLEEEEING.
  4982 | D:5      | 4982 ||| FLEEEEING.
  4983 | D:5      | 4983 ||| FLEEEEING.
  4984 | D:5      | 4984 ||| FLEEEEING.
  4985 | D:5      | 4985 ||| FLEEEEING.
  4986 | D:5      | 4986 ||| FLEEEEING.
  4987 | D:5      | 4987 ||| FLEEEEING.
  4988 | D:5      | 4988 ||| FLEEEEING.
  4989 | D:5      | 4989 ||| FLEEEEING.
  4990 | D:5      | 4990 ||| FLEEEEING.
  4991 | D:5      | 4991 ||| FLEEEEING.
  4992 | D:5      | 4992 ||| FLEEEEING.
  4993 | D:5      | 4993 ||| FLEEEEING.
  4994 | D:5      | 4994 ||| FLEEEEING.
  4995 | D:5      | 4995 ||| FLEEEEING.
  4996 | D:5      | 4996 ||| FLEEEEING.
  4997 | D:5      | 4997 ||| FLEEEEING.
  4998 | D:5      | 4998 ||| STAIRDANCE
  5029 | D:5      | 5029 ||| STAIRDANCE
  5258 | D:5      | 5258 ||| READING scroll labelled IWUAXUXZ OSIO.
  5332 | D:6      | 5332 ||| Stepping ~*~*~tactically~*~*~ (stealth).
  5399 | D:6      | Reached XP level 8. HP: 49/49 MP: 8/8
  5483 | D:6      | 5483 ||| Stepping ~*~*~tactically~*~*~ (hiding).
  5758 | D:6      | HP: 7/49 [orc priest/divine providence (13)]
  5758 | D:6      | Slain by an orc warrior

Levels and vault maps discovered:
D:1:      amcnicky_arrival_blooded_trapdoor, layout_loops_ring,
          hellmonk_ecumenical_altar_zigzags
D:2:      cheibrodos_greedy_goblins, layout_basic, basic_altar,
          minmay_hedge_maze
D:3:      layout_basic, grunt_gozag_statues, mainiacjoe_overflow_chevrons,
          minmay_strange_pillars
D:4:      layout_loops_corners, nrook_mini_backslash
D:5:      layout_layer_cave, general_overflow_altar, temple_doors_e
D:6:      layout_basic, lemuel_mausoleum_altar_yredelemnul,
          nicolae_concentric_dashed_squares_wild
Temple:   zaba_magenta_temple

Skill      XL: |  1  2  3  4  5  6  7 |
---------------+----------------------+-----
Axes           | 2 3 4 5 6 7 |  7.0
Throwing       | 1 |  1.1
Fighting       | 4 5 |  5.3
Armour         | 4 |  4.0
Shields        | |  3.2

Action                     |  1- 3 |  4- 6 |  7- 9 || total
---------------------------+-------+-------+-------++-------
  Melee: War axe           |   139 |   119 |    73 ||   331
  Throw: Javelin           |       |    42 |    12 ||    54
         Boomerang         |       |     8 |     2 ||    10
    Use: Scroll            |     1 |     6 |     1 ||     8
         Potion            |       |     2 |       ||     2
 Armour: Scale mail        |    60 |    11 |       ||    71
         Shadow dragon sca |       |    71 |    72 ||   143
  Dodge: Dodged            |    67 |    42 |    23 ||   132
  Block: Buckler           |    26 |    16 |     6 ||    48

Table legend:
 A = Non-vault XP
 B = Vault XP
 C = Vault XP percentage of total XP
 D = Non-vault monster count
 E = Vault monster count
 F = Vault count percentage of total count
                 A         B        C        D         E       F
            +---------+---------+-------+---------+---------+-------
      Total |    1199 |      22 |   1.8 |      94 |      11 |  10.5
            +---------+---------+-------+---------+---------+-------
        D:1 |      31 |       0 |   0.0 |      18 |       0 |   0.0
        D:2 |      55 |      22 |  28.6 |      22 |      11 |  33.3
        D:3 |     362 |       0 |   0.0 |      20 |       0 |   0.0
        D:4 |      93 |       0 |   0.0 |      18 |       0 |   0.0
        D:5 |     508 |       0 |   0.0 |      12 |       0 |   0.0
        D:6 |     150 |       0 |   0.0 |       4 |       0 |   0.0
            +---------+---------+-------+---------+---------+-------
